Croesus, chaotic male elven Ranger --- --`*| |.dh---------- -.@h........- |G..------ ---.| .. .. .G .G- ... ..- . .. .G ... .. .- -- Croesus the Tenderfoot Experience level: 1 Strength: 14 Dexterity: 9 Constitution: 13 Intelligence: 14 Wisdom: 17 Charisma: 7 Health: 0(13) Energy: 5(5) Def: 10 Gold: 351 Moves: 2390 Dungeon seed: R4FZ5yJCa1743Hup Game ID: Croesus_1604654434 Your Inventory: Weapons d - an uncursed +1 elven dagger e - an uncursed +1 elven bow (alternate weapon; not wielded) k - 49 uncursed +0 darts t - a blessed +0 dagger H - 44 uncursed poisoned +0 darts K - an uncursed +1 arrow L - 58 uncursed +2 elven arrows M - 30 uncursed +0 arrows N - 31 uncursed +0 elven arrows (in quiver) Q - 12 uncursed +1 crossbow bolts S - a cursed +0 dagger Armor b - an uncursed +2 elven cloak (being worn) n - an uncursed +0 scale mail (being worn) q - a blessed +0 pair of low boots (being worn) A - an uncursed +0 dwarvish iron helm (being worn) Comestibles f - 5 uncursed lembas wafers g - 2 uncursed food rations o - an uncursed lichen corpse r - an uncursed fortune cookie I - an uncursed pear Scrolls l - an uncursed scroll of enchant weapon Potions s - an uncursed potion of water Rings h - a blessed +10 ring of carrying (on left hand) Wands W - an uncursed wand of sleep (0:2) Tools x - an uncursed +0 pick-axe (weapon in hand) O - a cursed brass lantern (0:1321) R - 6 cursed tallow candles (0:200) T - 9 uncursed tallow candles (0:200) U - a blessed wax candle (0:400) X - an uncursed wax candle (0:400) Z - 4 blessed tallow candles (0:200) Gems y - an uncursed topaz stone z - an uncursed worthless piece of white glass E - 2 uncursed worthless pieces of yellow glass F - 2 uncursed worthless pieces of black glass V - an uncursed worthless piece of green glass Y - an uncursed worthless piece of yellowish brown glass Coins $ - 351 gold pieces Spells and supernatural/magical abilities: Name Level Category Cost Memory W - pray for help -- divine ? -- Your skills at the end: Fighting Skills wands [Basic] Weapon Skills dagger [Basic] bow [Basic] Spellcasting Skills Final Attributes: You were piously aligned. You were immune to sleep. You saw invisible. You had automatic searching. You had infravision. You were stealthy. Mars was noncommittal. You are dead. Vanquished creatures: 4 gnome lords a gnomish wizard 4 dwarves an acid blob a hobbit a brown mold 3 yellow molds a green mold 15 gnomes a gecko 5 jackals 4 kobolds a goblin 8 grid bugs a bat 5 lichens a kobold zombie 6 newts 63 creatures vanquished. Voluntary challenges: You used a wielded weapon 5 times, starting on turn 417. You read items or engraved 3 times, starting on turn 1173. You never genocided any monsters. You never polymorphed an object. You never changed form. You used no wishes. You never split a pudding. You never wrote Elbereth's name. You never violated your personal moral code. Dungeon overview: The Dungeons of Doom: levels 1 to 3 Level 1 an altar to Mercury, a fountain, a vault a long staircase Level 2 an armor shop, an altar to Mercury, a fountain, a vault stairs to The Gnomish Mines Level 3 The Gnomish Mines: levels 3 to 5 Level 3 stairs to The Dungeons of Doom Level 4 Level 5 <- You were here History has recorded: On T:1 you entered the Dungeons of Doom to retrieve the Amulet of Yendor! On T:104 you reached level 2 of The Dungeons of Doom. On T:914 you reached level 1 of The Gnomish Mines. On T:1055 you reached level 3 of The Dungeons of Doom. On T:1847 you reached level 2 of The Gnomish Mines. Score breakdown: Gold: 351 ( 8662 points) Experience: 1 level ( 0 points) Exploration: 5 levels ( 9.80%) ( 8485 points) Discoveries: 2 items ( 0.68%) ( 2470 points) Valuables value: (no points given unless you survive) Artifact value: 0 ( 0 points) Variety of kills: 18 monsters ( 4.74%) ( 6529 points) Turncount: 2390 turns ( -264 points) Survival: died (score multiplied by 80%) Total score: 20705 Latest messages: The dwarf lady misses Sirius. Sirius misses the dwarf lady. Sirius bites the dwarf lady. The hobbit misses. The gnome hits! Sirius bites the dwarf lady. [2 turns] Where do you want to travel to? Never mind. You add to the writing in the dust with your fingers. Sirius bites the dwarf lady. The dwarf lady thrusts her dagger at Sirius. The dwarf lady misses Sirius. The dwarf lady thrusts her dagger at Sirius. The dwarf lady misses Sirius. You are now wearing a ring of carrying. Your movements are now unencumbered. The dwarf lady thrusts her dagger at Sirius. The dwarf lady misses Sirius. The dwarf lady thrusts her dagger at Sirius. The dwarf lady misses Sirius. Sirius bites the dwarf lady. The hobbit hits! You die... Final status: Goodbye Croesus the Ranger, killed by a hobbit... You died in The Gnomish Mines on dungeon level 5 with 20705 points, and 351 pieces of gold, after 2390 moves. You were level 1 with a maximum of 13 hit points when you died.